| TOP OF THE 1ST |
|
Shreveport Braves batting - Pitching for Round Rock Express : RHP Preston Shockley
|
|
Pitching: RHP Preston Shockley
|
|
|
Batting: LHB Rusty McNealy
|
0-0: Called Strike 0-1: SINGLE (Groundball, 34S, EV 71.3 MPH) (infield hit)
|
|
Batting: LHB Robert Loscalzo
|
0-0: Called Strike Rusty McNealy steals 2nd base 0-1: Called Strike 0-2: Ball 1-2: Ground out 4-3 (Groundball, 4M, EV 86.3 MPH) Rusty McNealy to third
|
|
Batting: SHB Sap Randall
|
0-0: Ball 1-0: Called Strike 1-1: Ground out 5-3 (Groundball, 56, EV 79.4 MPH) Rusty McNealy scores
|
|
Batting: RHB Alfonso Gomez
|
0-0: Foul Ball, location: 2F 0-1: Called Strike 0-2: Foul Ball, location: 2F 0-2: Ball 1-2: Strikes out swinging
|
| Top of the 1st over - 1 run, 1 hit, 0 errors, 0 left on base; Shreveport 1 - Round Rock 0 |
| BOTTOM OF THE 1ST |
|
Round Rock Express batting - Pitching for Shreveport Braves : LHP Javier Cruc
|
|
Pitching: LHP Javier Cruc
|
|
|
Batting: LHB Steve Lyons
|
0-0: Ball 1-0: Ground out 5-3 (Groundball, 56S, EV 80.6 MPH)
|
|
Batting: RHB George Gross
|
0-0: Ball 1-0: Foul Ball, location: 2F 1-1: SINGLE (Line Drive, 9LS, EV 93.1 MPH)
|
|
Batting: LHB Al Chambers
|
0-0: Called Strike 0-1: Fly out, F6 (Popup, 6MS, EV 65.6 MPH)
|
|
Batting: RHB Alejandro Sanchez
|
0-0: Swinging Strike 0-1: Ball 1-1: Called Strike 1-2: Strikes out swinging
|
| Bottom of the 1st over - 0 runs, 1 hit, 0 errors, 1 left on base; Shreveport 1 - Round Rock 0 |
| TOP OF THE 2ND |
|
Shreveport Braves batting - Pitching for Round Rock Express : RHP Preston Shockley
|
|
Batting: LHB Tracy Dophied
|
0-0: Swinging Strike 0-1: Ball 1-1: Foul Ball, location: 2F 1-2: Fly out, F9 (Line Drive, 9, EV 91.9 MPH)
|
|
Batting: RHB Scott Ullger
|
0-0: Ball 1-0: Called Strike 1-1: Ground out 4-3 (Groundball, 4, EV 96.9 MPH)
|
|
Batting: SHB Michael Lessard
|
0-0: Called Strike 0-1: Fly out, F2 (Popup, 23F, EV 78.8 MPH)
|
| Top of the 2nd over - 0 runs, 0 hits, 0 errors, 0 left on base; Shreveport 1 - Round Rock 0 |
| BOTTOM OF THE 2ND |
|
Round Rock Express batting - Pitching for Shreveport Braves : LHP Javier Cruc
|
|
Batting: RHB Gerald Miller
|
0-0: Ball 1-0: Foul Ball, location: 2F 1-1: Foul Ball, location: 2F 1-2: Ball 2-2: Ball 3-2: Base on Balls
|
|
Batting: RHB Martyn Maxwell
|
0-0: Ball Gerald Miller is caught stealing 2nd base 2-4 1-0: SOLO HOME RUN (Flyball, 9D, EV 85.6 MPH), Distance : 370 ft
|
|
Batting: RHB Mike Sodders
|
0-0: Swinging Strike 0-1: Swinging Strike 0-2: Ground out 6-3 (Groundball, 6, EV 100.0 MPH)
|
|
Batting: LHB William Sobbe
|
0-0: Foul Ball, location: 2F 0-1: Called Strike 0-2: Foul Ball, location: 2F 0-2: Ball 1-2: Fly out, F7 (Flyball, 78D, EV 85.6 MPH)
|
| Bottom of the 2nd over - 1 run, 1 hit, 0 errors, 0 left on base; Shreveport 1 - Round Rock 1 |
| TOP OF THE 3RD |
|
Shreveport Braves batting - Pitching for Round Rock Express : RHP Preston Shockley
|
|
Batting: RHB Therron Harper
|
0-0: Ball 1-0: Ball 2-0: Fly out, F6 (Line Drive, 6, EV 68.8 MPH)
|
|
Batting: RHB Jeff Matthews
|
0-0: Called Strike 0-1: Ball 1-1: SINGLE (Line Drive, 78S, EV 94.4 MPH)
|
|
Batting: LHB Rusty McNealy
|
0-0: Swinging Strike 0-1: Ball 1-1: Ball 2-1: Foul Ball, location: 2F 2-2: Ball 3-2: SINGLE (Groundball, 5S, EV 70.6 MPH) (infield hit) Jeff Matthews to second
|
|
Batting: LHB Robert Loscalzo
|
0-0: Fielders Choice at 2nd, 4-6 (Groundball, 4, EV 88.1 MPH) Jeff Matthews to third
|
|
Batting: SHB Sap Randall
|
0-0: Ball Robert Loscalzo is caught stealing 2nd base 2-6
|
| Top of the 3rd over - 0 runs, 2 hits, 0 errors, 1 left on base; Shreveport 1 - Round Rock 1 |
| BOTTOM OF THE 3RD |
|
Round Rock Express batting - Pitching for Shreveport Braves : LHP Javier Cruc
|
|
Batting: RHB Val Medina
|
0-0: Ball 1-0: Ground out 6-3 (Groundball, 6M, EV 83.1 MPH)
|
|
Batting: LHB Steve Lyons
|
0-0: Ball 1-0: Ball 2-0: Called Strike 2-1: Foul Ball, location: 2F 2-2: Fly out, F8 (Line Drive, 8LM, EV 96.3 MPH)
|
|
Batting: RHB George Gross
|
0-0: Called Strike 0-1: SINGLE (Flyball, 5D, EV 99.4 MPH)
|
|
Batting: LHB Al Chambers
|
0-0: Ball 1-0: Called Strike George Gross steals 2nd base 1-1: Ball 2-1: Swinging Strike 2-2: Fly out, F8 (Line Drive, 8LD, EV 96.3 MPH)
|
| Bottom of the 3rd over - 0 runs, 1 hit, 0 errors, 1 left on base; Shreveport 1 - Round Rock 1 |
| TOP OF THE 4TH |
|
Shreveport Braves batting - Pitching for Round Rock Express : RHP Preston Shockley
|
|
Batting: SHB Sap Randall
|
0-0: Swinging Strike 0-1: Swinging Strike 0-2: Strikes out looking
|
|
Batting: RHB Alfonso Gomez
|
0-0: Ground out U3 (Groundball, 34, EV 93.1 MPH)
|
|
Batting: LHB Tracy Dophied
|
0-0: SINGLE (Groundball, P, EV 85.0 MPH) (infield hit)
|
|
Batting: RHB Scott Ullger
|
0-0: Foul Ball, location: 2F 0-1: Ball 1-1: Ground out 5-3 (Groundball, 56S, EV 88.8 MPH)
|
| Top of the 4th over - 0 runs, 1 hit, 0 errors, 1 left on base; Shreveport 1 - Round Rock 1 |
| BOTTOM OF THE 4TH |
|
Round Rock Express batting - Pitching for Shreveport Braves : LHP Javier Cruc
|
|
Batting: RHB Alejandro Sanchez
|
0-0: Ground out 4-3 (Groundball, 34, EV 86.9 MPH)
|
|
Batting: RHB Gerald Miller
|
0-0: SINGLE (Line Drive, 34D, EV 95.0 MPH)
|
|
Batting: RHB Martyn Maxwell
|
0-0: Ball 1-0: Ball Gerald Miller steals 2nd base 2-0: Foul Ball, location: 2F 2-1: Ball 3-1: Fly out, F8 (Flyball, 8LD, EV 88.8 MPH)
|
|
Batting: RHB Mike Sodders
|
0-0: SINGLE (Line Drive, 78S, EV 103.8 MPH) Gerald Miller to third Runner from 3rd tries for Home, SAFE, throw by LF to home
|
|
Batting: LHB William Sobbe
|
0-0: Ball 1-0: SINGLE (Line Drive, 4MD, EV 98.8 MPH) Mike Sodders to second
|
|
Batting: RHB Val Medina
|
0-0: Fly out, F8 (Flyball, 8RD, EV 101.9 MPH)
|
| Bottom of the 4th over - 1 run, 3 hits, 0 errors, 2 left on base; Shreveport 1 - Round Rock 2 |
| TOP OF THE 5TH |
|
Shreveport Braves batting - Pitching for Round Rock Express : RHP Preston Shockley
|
|
Batting: SHB Michael Lessard
|
0-0: Ball 1-0: Called Strike 1-1: Ball 2-1: Foul Ball, location: 2F 2-2: Ball 3-2: Base on Balls
|
|
Batting: RHB Therron Harper
|
0-0: Ball 1-0: Called Strike 1-1: Foul Ball, location: 2F 1-2: Strikes out looking
|
|
Batting: RHB Jeff Matthews
|
0-0: Called Strike 0-1: Fly out, F9 (Flyball, 9LM, EV 88.8 MPH) Runner from 1st tags up, SAFE at 2nd
|
|
Batting: LHB Rusty McNealy
|
0-0: Called Strike 0-1: Swinging Strike 0-2: Ball 1-2: Fly out, F8 (Flyball, 8LD, EV 88.8 MPH)
|
| Top of the 5th over - 0 runs, 0 hits, 0 errors, 1 left on base; Shreveport 1 - Round Rock 2 |
| BOTTOM OF THE 5TH |
|
Round Rock Express batting - Pitching for Shreveport Braves : LHP Javier Cruc
|
|
Batting: LHB Steve Lyons
|
0-0: Ball 1-0: Ball 2-0: Called Strike 2-1: Ground out 6-3 (Groundball, 56, EV 87.5 MPH)
|
|
Batting: RHB George Gross
|
0-0: Fly out, F9 (Line Drive, 9, EV 105.6 MPH)
|
|
Batting: LHB Al Chambers
|
0-0: Ball 1-0: Called Strike 1-1: Ball 2-1: Called Strike 2-2: Fly out, F8 (Line Drive, 8LD, EV 97.5 MPH)
|
| Bottom of the 5th over - 0 runs, 0 hits, 0 errors, 0 left on base; Shreveport 1 - Round Rock 2 |
| TOP OF THE 6TH |
|
Shreveport Braves batting - Pitching for Round Rock Express : RHP Preston Shockley
|
|
Batting: LHB Robert Loscalzo
|
0-0: Ball 1-0: Foul Ball, location: 2F 1-1: Ball 2-1: Foul Ball, location: 2F 2-2: Ball 3-2: Ground out 4-3 (Groundball, 4, EV 86.3 MPH)
|
|
Batting: SHB Sap Randall
|
0-0: Swinging Strike 0-1: Ball 1-1: Foul Ball, location: 2F 1-2: Foul Ball, location: 2F 1-2: Fly out, F4 (Popup, 4, EV 75.6 MPH)
|
|
Batting: RHB Alfonso Gomez
|
0-0: Ball 1-0: Foul Ball, location: 2F 1-1: SOLO HOME RUN (Flyball, 7LD, EV 103.8 MPH), Distance : 355 ft
|
|
Batting: LHB Tracy Dophied
|
0-0: Ground out 2-3 (Groundball, 13S, EV 65.6 MPH)
|
| Top of the 6th over - 1 run, 1 hit, 0 errors, 0 left on base; Shreveport 2 - Round Rock 2 |
| BOTTOM OF THE 6TH |
|
Round Rock Express batting - Pitching for Shreveport Braves : LHP Javier Cruc
|
|
Batting: RHB Alejandro Sanchez
|
0-0: Called Strike 0-1: Fly out, F9 (Flyball, 89XD, EV 87.5 MPH)
|
|
Batting: RHB Gerald Miller
|
0-0: Fly out, F7 (Line Drive, 7, EV 94.4 MPH)
|
|
Batting: RHB Martyn Maxwell
|
0-0: Ball 1-0: SOLO HOME RUN (Flyball, 7D, EV 108.8 MPH), Distance : 359 ft
|
|
Batting: RHB Mike Sodders
|
0-0: SINGLE (Line Drive, 6D, EV 101.9 MPH)
|
|
Batting: LHB William Sobbe
|
0-0: Ball 1-0: Ball 2-0: Ball 3-0: Called Strike 3-1: Foul Ball, location: 2F 3-2: Fly out, F8 (Line Drive, 8LD, EV 91.9 MPH)
|
| Bottom of the 6th over - 1 run, 2 hits, 0 errors, 1 left on base; Shreveport 2 - Round Rock 3 |
| TOP OF THE 7TH |
|
Shreveport Braves batting - Pitching for Round Rock Express : RHP Preston Shockley
|
|
Batting: RHB Scott Ullger
|
0-0: Called Strike 0-1: Ball 1-1: Foul Ball, location: 2F 1-2: Foul Ball, location: 2F 1-2: Strikes out swinging
|
|
Batting: SHB Michael Lessard
|
0-0: Ball 1-0: Ball 2-0: Ball 3-0: Called Strike 3-1: Foul Ball, location: 2F 3-2: Fly out, F4 (Popup, 4, EV 51.9 MPH)
|
|
Batting: RHB Therron Harper
|
0-0: Ball 1-0: Called Strike 1-1: Ball 2-1: Ball 3-1: SINGLE (Line Drive, 5, EV 98.1 MPH)
|
|
Batting: RHB Jeff Matthews
|
0-0: Foul Ball, location: 2F 0-1: Ball 1-1: SINGLE (Flyball, 9LS, EV 94.4 MPH) Therron Harper to second Runner from 2nd tries for 3rd, SAFE, no throw by RF
|
|
Batting: LHB Rusty McNealy
|
0-0: Ball 1-0: Ball 2-0: Called Strike 2-1: Foul Ball, location: 2F 2-2: Fly out, F9 (Flyball, 89D, EV 79.4 MPH)
|
| Top of the 7th over - 0 runs, 2 hits, 0 errors, 2 left on base; Shreveport 2 - Round Rock 3 |
| BOTTOM OF THE 7TH |
|
Round Rock Express batting - Pitching for Shreveport Braves : LHP Javier Cruc
|
|
Batting: RHB Val Medina
|
0-0: Foul Ball, location: 2F 0-1: Ball 1-1: Ball 2-1: Foul Ball, location: 2F 2-2: Foul Ball, location: 2F 2-2: Foul Ball, location: 2F 2-2: Foul Ball, location: 2F 2-2: Ball 3-2: Ground out 4-3 (Groundball, 4M, EV 105.6 MPH)
|
|
Batting: LHB Steve Lyons
|
0-0: Called Strike 0-1: Ball 1-1: Called Strike 1-2: Strikes out swinging
|
|
Batting: RHB George Gross
|
0-0: Fly out, F9 (Flyball, 9S, EV 87.5 MPH)
|
| Bottom of the 7th over - 0 runs, 0 hits, 0 errors, 0 left on base; Shreveport 2 - Round Rock 3 |
| TOP OF THE 8TH |
|
Shreveport Braves batting - Pitching for Round Rock Express : RHP Preston Shockley
|
|
Batting: LHB Robert Loscalzo
|
0-0: Called Strike 0-1: Ball 1-1: Ball 2-1: Foul Ball, location: 2F 2-2: Ball 3-2: Ground out 4-3 (Groundball, 4, EV 101.9 MPH)
|
|
Batting: SHB Sap Randall
|
0-0: Ball 1-0: Fly out, F7 (Flyball, 7LM, EV 87.5 MPH)
|
|
Batting: RHB Alfonso Gomez
|
0-0: Fly out, F4 (Popup, 23, EV 85.0 MPH)
|
| Top of the 8th over - 0 runs, 0 hits, 0 errors, 0 left on base; Shreveport 2 - Round Rock 3 |
| BOTTOM OF THE 8TH |
|
Round Rock Express batting - Pitching for Shreveport Braves : LHP Javier Cruc
|
|
Batting: LHB Al Chambers
|
0-0: Called Strike 0-1: Ball 1-1: SOLO HOME RUN (Flyball, 9D, EV 104.4 MPH), Distance : 378 ft
|
|
Batting: RHB Alejandro Sanchez
|
0-0: Fly out, F8 (Flyball, 8RXD, EV 85.6 MPH)
|
|
Batting: RHB Gerald Miller
|
0-0: Foul Ball, location: 2F 0-1: Ball 1-1: Ball 2-1: Ball 3-1: Base on Balls
|
|
Batting: RHB Martyn Maxwell
|
0-0: Ball 1-0: Foul Ball, location: 2F 1-1: Ball 2-1: Ball 3-1: Base on Balls Gerald Miller to second
|
|
Batting: RHB Mike Sodders
|
0-0: Fly out, F8 (Flyball, 89D, EV 98.8 MPH) Runner from 2nd tags up, SAFE at 3rd, no throw by CF
|
|
Batting: LHB William Sobbe
|
0-0: Ball 1-0: Ball 2-0: Fly out, F7 (Line Drive, 7, EV 89.4 MPH)
|
| Bottom of the 8th over - 1 run, 1 hit, 0 errors, 2 left on base; Shreveport 2 - Round Rock 4 |
| TOP OF THE 9TH |
|
Shreveport Braves batting - Pitching for Round Rock Express : RHP Preston Shockley
|
|
Pitching: LHP Ronald Wrobel
|
|
|
Batting: LHB Tracy Dophied
|
0-0: Ball 1-0: Called Strike 1-1: Foul Ball, location: 2F 1-2: Foul Ball, location: 2F 1-2: Ball 2-2: Strikes out swinging
|
|
Batting: RHB Scott Ullger
|
0-0: Ball 1-0: Fly out, F4 (Flyball, 4D, EV 95.6 MPH)
|
|
Batting: SHB Michael Lessard
|
0-0: Called Strike 0-1: Foul Ball, location: 2F 0-2: Strikes out looking
|
| Top of the 9th over - 0 runs, 0 hits, 0 errors, 0 left on base; Shreveport 2 - Round Rock 4 |
|